 Dungeon Crawl Stone Soup version 0.30.0-29-ga12c61a403 (webtiles) character file.

Game seed: 7321634111206511858

242 AIAndy the Trooper (level 5, -7/46 HPs)
             Began as a Demonspawn Wanderer on June 18, 2023.
             Was an Initiate of Ru.
             Mangled by Duvessa
             ... wielding a +0 short sword
              (9 damage)
             ... on level 4 of the Dungeon.
             The game lasted 00:12:14 (2710 turns).

AIAndy the Trooper (Demonspawn Wanderer)            Turns: 2710, Time: 00:12:15

Health: -7/46      AC:  7    Str: 20    XL:     5   Next: 82%
Magic:  7/7        EV:  8    Int: 11    God:    Ru [......]
Gold:   168        SH:  6    Dex:  9    Spells: 5/7 levels left

rFire   . . .        u - +1 dagger (venom)
rCold   . . .        r - +0 kite shield
rNeg    . . .        l - +0 scale mail
rPois   .            (no helmet)
rElec   .            (no cloak)
rCorr   .            (no gloves)
SInv    .            w - +0 pair of boots
Will    .....        (no amulet) Stlth
                     (no ring)
HPRegen 0.27/turn    (no ring)
MPRegen 0.10/turn

%: no passive effects
@: attractive
A: spiny 1, demonic magic 1
a: Renounce Religion


You were on level 4 of the Dungeon.
You worshipped Ru.
Ru was noncommittal.
You visited 1 branch of the dungeon, and saw 3 of its levels.

You collected 168 gold pieces.

Inventory:

Hand Weapons
 a - a +0 war axe
 j - a +4 dagger
 u - a +1 dagger of venom (weapon)
Missiles
 e - 4 poisoned darts (quivered)
Armour
 c - a +0 ring mail
 l - a +0 scale mail (worn)
 p - a +0 buckler
 r - a +0 kite shield (worn)
 w - a +0 pair of boots (worn)
Scrolls
 b - a scroll of torment {unknown}
 f - 4 scrolls of identify {unknown}
 i - 2 scrolls of amnesia {unknown}
 k - 2 scrolls of fog {unknown}
 m - a scroll of noise {unknown}
 o - a scroll of enchant weapon {unknown}
 s - 3 scrolls of teleportation {unknown}
Potions
 g - a potion of attraction
 h - a potion of degeneration {unknown}
 n - a potion of brilliance {unknown}
 q - a potion of resistance {unknown}
 t - a potion of berserk rage {unknown}
 v - a potion of flight {unknown}


   Skills:
 - Level 6.1 Fighting
 - Level 0.3 Short Blades
 - Level 1.7(1.9) Axes
 - Level 1.0(1.5) Polearms
 - Level 0.2 Ranged Weapons
 - Level 0.2 Throwing
 - Level 2.6 Armour
 - Level 0.3 Shields
 + Level 1.9 Spellcasting
 + Level 1.6 Conjurations


You had 5 spell levels left.
You knew the following spells:

 Your Spells              Type           Power      Damage    Failure   Level
a - Searing Ray           Conj           8%         2d4       87%         2

Your spell library contained the following spells:

 Spells                   Type           Power      Damage    Failure   Level
 Magic Dart               Conj           16%        1d3       75%         1
 Fulminant Prism          Conj/Hex       1%         3d5       100%        4


Dungeon Overview and Level Annotations

Branches:
Dungeon (2/15)

Altars:
Ru

Shops:
D:4 (

Annotations:
D:4 Duvessa


Innate Abilities, Weirdness & Mutations

You are partially covered in sharp spines.
Spells you cast may paralyse adjacent enemies.


Message History

You closely miss Duvessa. Duvessa hits you with a +0 short sword.
Duvessa hits you but does no damage.
You hit Duvessa but do no damage. Duvessa is struck by your spines.
Duvessa barely misses you.
You hit Duvessa but do no damage.
Duvessa is poisoned.
Duvessa is lightly wounded.
Duvessa closely misses you. Duvessa hits you with a +0 short sword.
You hit Duvessa but do no damage.
Duvessa looks as sick as possible!
Duvessa is lightly wounded.
You block Duvessa's attack.
Your dart slug bites Duvessa but does no damage.
Duvessa is struck by your spines. Duvessa completely misses you.
You completely miss Duvessa.
Duvessa is lightly wounded.
Duvessa completely misses you.
Your dart slug bites Duvessa but does no damage.
You hit Duvessa but do no damage.
Duvessa looks as sick as possible!
Duvessa is lightly wounded.
Duvessa hits you with a +0 short sword!
* * * LOW HITPOINT WARNING * * *
You block Duvessa's attack.
Your dart slug launches a dart at Duvessa.
The slug dart hits Duvessa.
You barely miss Duvessa.
Duvessa is moderately wounded.
Duvessa hits you with a +0 short sword.
* * * LOW HITPOINT WARNING * * *
Duvessa is struck by your spines. Duvessa hits you with a +0 short sword!
* * * LOW HITPOINT WARNING * * *
Duvessa attacks as you move away! Duvessa hits you but does no damage.
Your dart slug launches a dart at Duvessa.
The slug dart hits Duvessa but does no damage.
Duvessa hits your dart slug with a +0 short sword!
Your dart slug dies!
Your dart slug's corpse dissolves into shadows!
Duvessa shouts!
It was a potion of attraction.
You feel attractive to monsters. Duvessa hits you with a +0 short sword!
You die...

#.# ##### #~...#.# #.# #.# #...#
#~~..#.# #.# #.# #...# ########.#
#.# ##.# #(..###........# #.#
.#.# #...<...############.# .#.#
#......#...........#.### .#.#
#......#.#########.#....
.#.#######......#.#########......
................@e...............
.#.#########....#.##########.....
...#### #....#.#.............#
.#....#### #....#.#.####.########
.#.##....###....#.#.# #.#
.........)....###.#.####.#######
.......##.##### #.#.#..........#
.......##.#######.#.#.##'#####.#
.......##..##.........#...#88#.#


You could see Duvessa (berserk, very poisoned).

Vanquished Creatures
  Dowan (D:4)
  A howler monkey (D:4)
  A jelly (D:4)
  2 orc priests (D:4)
  An adder (D:2)
  3 worms (D:2)
  7 orcs (D:4)
  3 bats (D:1)
  2 endoplasms
  2 giant cockroaches (D:1)
  2 goblins (D:4)
  4 hobgoblins
  A quokka (D:1)
  5 ball pythons
  8 kobolds
  3 rats (D:1)
46 creatures vanquished.

Notes
Turn   | Place    | Note
-------+----------+-------------------------------------------
     0 | D:1      | AIAndy the Demonspawn Wanderer began the quest for the Orb.
     0 | D:1      | AIAndy set off with the following items: a +0 war axe, a +0
                  | spear, a +0 ring mail, a scroll of summoning.
     0 | D:1      | Reached XP level 1. HP: 19/19 MP: 1/1
   254 | D:1      | Gained mutation: You are partially covered in sharp spines.
                  | [demonic ancestry]
   254 | D:1      | Reached XP level 2. HP: 14/26 MP: 2/2
  1227 | D:2      | Reached skill level 5 in Fighting
  1227 | D:2      | Reached XP level 3. HP: 24/33 MP: 3/3
  1561 | D:2      | You fall into a shaft and drop 2 floors!
  1561 | D:4      | Found a sacrificial altar of Ru.
  1573 | D:4      | Became a worshipper of Ru the Awakened
  1696 | D:4      | Gained mutation: Spells you cast may paralyse adjacent
                  | enemies. [demonic ancestry]
  1696 | D:4      | Reached XP level 4. HP: 26/39 MP: 4/4
  1889 | D:4      | Reached skill level 6 in Fighting
  2242 | D:4      | Reached skill level 1 in Spellcasting
  2242 | D:4      | Reached XP level 5. HP: 32/46 MP: 4/6
  2245 | D:4      | Learned a level 2 spell: Searing Ray
  2301 | D:4      | Noticed Duvessa
  2303 | D:4      | Noticed Dowan
  2506 | D:4      | Found Qicerphen's Weapon Emporium.
  2656 | D:4      | Noticed a black bear
  2664 | D:4      | Killed Dowan
  2665 | D:4      | Reached skill level 1 in Conjurations
  2706 | D:4      | HP: 1/46 [Duvessa/+0 short sword (7)]
  2710 | D:4      | Mangled by Duvessa

Illustrated notes

Levels and vault maps discovered:
D:1:      dpeg_arrival_castle, layout_basic, grunt_decor_mini_mirrors,
          minmay_heptomino_h4
D:2:      layout_basic, kennysheep_generic_room_14
D:4:      dreamdust_elfheim, layout_basic, mainiacjoe_overflow_catwalk,
          serial_shops, nicolae_shop_bloodbath_and_beyond, serial_aquarium,
          aquarium_bridge_island_small [aquarium_subvault_small_open,
          aquarium_subvault_balcony, aquarium_subvault_bridge,
          aquarium_subvault_bridge, aquarium_subvault_bridge],
          aquarium_bridge_straight [aquarium_subvault_bridge,
          aquarium_subvault_window, aquarium_subvault_bridge,
          aquarium_subvault_wall], aquarium_window_corner, aquarium_window_fake,
          aquarium_window_double, aquarium_window_corner, aquarium_view_2f,
          st_stairs_2

Skill      XL: |  1  2  3  4  5 |
---------------+----------------+-----
Fighting       | 5 6 |  6.1
Spellcasting   | 1 |  1.9
Conjurations   | 1 |  1.6
Short Blades   | |  0.3
Axes           | |  1.7
Polearms       | |  1.0
Ranged Weapons | |  0.2
Throwing       | |  0.2
Armour         | |  2.6
Shields        | |  0.3

Action                     |  1- 3 |  4- 6 || total
---------------------------+-------+-------++-------
  Melee: War axe           |    50 |       ||    50
         Dagger            |    55 |    53 ||   108
         Punch             |     1 |       ||     1
  Throw: Dart              |     8 |     6 ||    14
    Use: Scroll            |       |     1 ||     1
         Potion            |       |     1 ||     1
 Armour: Ring mail         |    35 |       ||    35
         Scale mail        |     8 |    11 ||    19
  Dodge: Dodged            |    56 |    15 ||    71
  Block: Kite shield       |     7 |    17 ||    24
